Map: Ruins of Endion

Players

MaSa - Winner!

  • Race: Terran Terran

Puck (Nina)

  • Race: Protoss Protoss

Event: DreamHack Open Tours WCS Spring Championship

VOD

https://youtu.be/EBJAX5OvKrU?t=1h16m4s

Description

Time

  • Played on: May 14, 2016, 8:03 a.m.
  • Length: 13:27

All games in this series

Show
View Real Time Build Order
Export as new Build Order

MaSa Terran - Winner!

Build Orders: Bio Tank 

Get SALT Encoding   

  12  0:00  SCV  
  13  0:13  SCV  
  14  0:17  Supply Depot  
  14  0:25  SCV  
  15  0:39  SCV  
  15  0:40  Barracks  
  16  0:51  SCV  
  16  0:54  Supply Depot  
  17  1:03  SCV  
  18  1:15  SCV  
  19  1:23  Command Center  
  19  1:33  Orbital Command  
  19  1:36  Marine  
  20  1:46  Barracks  
  20  1:53  Marine  
  21  1:55  Refinery  
  21  2:00  Refinery  
  21  2:03  SCV  
  22  2:12  Marine  
  23  2:16  SCV  
  23  2:18  Barracks  
  24  2:28  SCV  
  25  2:30  Marine  
  25  2:33  Marine  
  27  2:39  Orbital Command  
  27  2:49  Factory  
  27  2:51  SCV  
  28  2:55  Barracks Reactor  
  28  3:03  Barracks Tech Lab  
  28  3:04  SCV, Orbital Command  
  30  3:07  Marine  
  30  3:16  SCV  
  30  3:22  Marine  
  30  3:23  Stimpack  
  30  3:24  Marine  
  32  3:28  SCV  
  32  3:30  SCV  
  32  3:34  Starport  
  34  3:37  Factory Tech Lab  
  34  3:41  SCV  
  35  3:42  Marine x2  
  35  3:43  Refinery, Marine  
  35  3:45  SCV  
  39  3:49  Marine  
  39  3:58  Supply Depot  
  39  3:59  SCV  
  39  4:02  SCV  
  41  4:08  Factory Tech Lab  
  41  4:11  SCV  
  41  4:16  Raven  
  41  4:17  Marine x2  
  44  4:20  SCV, Marine x2  
  44  4:22  Supply Depot  
  49  4:29  Engineering Bay  
  49  4:32  Siege Tank  
  49  4:33  SCV x2  
  54  4:43  Marine x3  
  54  4:44  Supply Depot  
  57  4:45  Marine  
  57  4:48  SCV x2  
  60  4:53  Supply Depot  
  60  4:59  Medivac  
  62  5:05  Siege Tank  
  65  5:09  SCV, Marine  
  65  5:10  Marine  
  65  5:11  Marine, Barracks Reactor  
  65  5:14  Refinery  
  69  5:17  Supply Depot  
  69  5:24  Supply Depot, SCV  
  69  5:25  SCV  
  69  5:27  Combat Shields, Marine  
  72  5:37  SCV  
  72  5:38  Marine x2  
  72  5:39  Siege Tank  
  78  5:44  SCV  
  78  5:47  Medivac  
  78  5:49  SCV  
  82  5:52  Supply Depot  
  82  5:56  SCV  
  83  5:59  Terran Infantry Weapons Level 1  
  83  6:02  Marine  
  83  6:03  Marine  
  85  6:05  Marine x2  
  85  6:06  Marine  
  85  6:10  SCV  
  85  6:11  Barracks  
  89  6:12  SCV  
  89  6:13  Barracks  
  89  6:16  Siege Tank  
  93  6:21  Marine  
  93  6:22  SCV  
  94  6:30  SCV  
  95  6:34  Supply Depot, SCV, Barracks Reactor  
  95  6:38  Medivac x2  
  100  6:43  Marine x2  
  102  6:54  Supply Depot x2  
  102  6:55  SCV  
  102  6:57  Supply Depot, Siege Tank  
  105  7:01  Supply Depot  
  105  7:02  Barracks Reactor  
  105  7:05  Barracks Reactor  
  105  7:06  Marine  
  105  7:07  Marine  
  105  7:16  Marine x3  
  105  7:19  Supply Depot  
  107  7:24  Marine  
  107  7:25  Marine  
  107  7:28  Medivac  
  107  7:29  Siege Tank  
  114  7:31  Medivac  
  116  7:42  Marine x5  
  116  7:43  Marine x2  
  123  7:45  Liberator  
  123  7:48  Marine  
  124  7:52  Liberator  
  124  7:54  Supply Depot  
  124  7:56  Supply Depot, Terran Infantry Armor Level 1  
  124  7:57  Marine  
  128  8:10  Marine x3  
  128  8:11  Marine  
  135  8:20  Marine x5  
  140  8:28  Marine x2  
  140  8:31  Marine  
  135  8:35  Marine  
  135  8:38  Marine x2  
  135  8:40  Marine x2  
  135  8:41  Marine  
  138  8:47  Liberator x2  
  133  8:50  Marine x3  
  133  8:53  Marine  
  131  8:55  Marine  
  131  8:56  Marine  
  131  8:58  Marine  
  132  9:08  Marine x2  
  137  9:12  Command Center  
  137  9:23  Marine x3  
  133  9:26  Marine x2  
  133  9:29  Marine x2  
  133  9:30  Liberator  
  137  9:34  Marine x2  
  138  9:41  Marine x3, Siege Tank  
  138  9:44  Marine  
  145  9:48  Liberator  
  145  9:52  Marine  
  144  9:57  Marine x2  
  141  10:05  Marine  
  141  10:06  Marine x2  
  146  10:12  Liberator  
  144  10:14  Marine x3  
  144  10:18  Siege Tank  
  149  10:21  Marine x2  
  143  10:31  Marine x2  
  143  10:33  Marine x2  
  150  10:40  Marine x2  
  151  10:43  Marine x2  
  151  10:44  Marine  
  133  10:52  Missile Turret  
  133  10:54  Marine x4  
  135  11:01  Marine x2  
  135  11:02  Marine  
  137  11:05  Marine  
  134  11:12  Marine x4  
  134  11:15  Marine  
  135  11:19  Marine  
  135  11:21  Marine x2  
  135  11:23  Marine  
  139  11:29  Marine, Missile Turret  
  139  11:30  Orbital Command  
  139  11:32  Liberator  
  140  11:34  Marine x2  
  140  11:37  Marine  
  140  11:38  Marine x2  
  145  11:42  Marine x2  
  145  11:43  Marine  
  145  11:54  Siege Tank  
  148  12:05  Marine x3  
  148  12:06  Marine x2  
  153  12:08  Marine  
  153  12:12  Marine x2  
  156  12:18  Marine  
  157  12:23  Marine x3  
  157  12:24  Marine x2  
  157  12:26  Marine  
  163  12:30  Marine x2  
  163  12:32  Medivac  
  166  12:37  Marine  
  166  12:41  Marine x3  
  166  12:44  Marine x2  
  167  12:50  Marine x3  
  167  12:51  Medivac  
  168  13:05  Marine x2  
  165  13:06  Marine  
  165  13:07  Marine  
  165  13:08  Marine x2  
  165  13:09  Marine  
Show
View Real Time Build Order
Export as new Build Order

Puck Protoss 

Build Orders: 1 Gate Expand 

Get SALT Encoding   

  12  0:01  Probe (Chrono Boost)  
  13  0:11  Probe (Chrono Boost)  
  14  0:17  Pylon  
  14  0:22  Probe (Chrono Boost)  
  15  0:35  Probe (Chrono Boost)  
  16  0:36  Gateway  
  16  0:41  Assimilator  
  16  0:45  Probe (Chrono Boost)  
  17  0:56  Probe (Chrono Boost)  
  18  1:06  Probe (Chrono Boost)  
  19  1:19  Nexus  
  19  1:22  Probe (Chrono Boost)  
  20  1:35  Cybernetics Core  
  20  1:36  Probe (Chrono Boost)  
  21  1:43  Assimilator  
  22  1:47  Probe (Chrono Boost)  
  22  1:51  Pylon  
  22  1:57  Probe (Chrono Boost)  
  23  2:12  Mothership Core (Chrono Boost), Adept  
  27  2:18  Warp Gate (Chrono Boost)  
  27  2:30  Probe (Chrono Boost)  
  27  2:33  Probe  
  29  2:39  Robotics Facility  
  29  2:41  Probe, Adept  
  29  2:43  Probe  
  33  2:53  Probe  
  33  2:54  Probe  
  35  3:04  Probe  
  35  3:06  Probe  
  35  3:09  Adept  
  39  3:15  Probe  
  39  3:18  Probe, Assimilator  
  39  3:19  Assimilator  
  41  3:24  Pylon  
  41  3:25  Probe  
  42  3:27  Observer (Chrono Boost)  
  42  3:30  Probe  
  44  3:36  Probe  
  45  3:42  Probe  
  45  3:44  Robotics Bay  
  45  3:46  Probe  
  47  3:54  Probe  
  48  3:57  Probe  
  48  4:00  Pylon  
  48  4:02  Warp Prism (Chrono Boost)  
  51  4:03  Gateway  
  51  4:07  Probe, Gateway  
  52  4:11  Probe  
  53  4:17  Twilight Council  
  53  4:19  Probe  
  53  4:22  Probe  
  55  4:28  Pylon  
  55  4:29  Disruptor (Chrono Boost)  
  55  4:31  Probe  
  55  4:35  Gravitic Drive (Chrono Boost)  
  55  4:38  Probe  
  60  4:44  Pylon  
  60  4:51  Probe x2  
  62  4:54  Blink  
  62  4:58  Disruptor, Stalker  
  67  5:10  Stalker x2  
  67  5:13  Gateway  
  70  5:19  Gateway  
  70  5:29  Disruptor, Pylon  
  70  5:31  Pylon  
  73  5:38  Stalker x2  
  77  5:50  Stalker  
  77  5:53  Pylon  
  79  6:00  Pylon  
  79  6:01  Disruptor  
  79  6:06  Forge  
  79  6:09  Gateway  
  79  6:10  Gateway  
  82  6:13  Stalker  
  84  6:22  Stalker  
  84  6:23  Stalker  
  88  6:32  Disruptor  
  88  6:39  Protoss Ground Armor Level 1 (Chrono Boost)  
  91  6:45  Stalker x2  
  94  6:59  Stalker x2  
  98  7:03  Resonating Glaives  
  98  7:05  Nexus  
  98  7:07  Pylon  
  97  7:15  Probe  
  97  7:16  Probe  
  97  7:17  Disruptor  
  102  7:24  Photon Cannon  
  102  7:28  Nexus  
  102  7:31  Pylon  
  102  7:34  Pylon  
  102  7:35  Stalker x2  
  102  7:36  Stalker, Dark Shrine  
  108  7:49  Stalker  
  108  7:50  Stalker x2  
  114  7:57  Photon Cannon  
  114  7:58  Pylon  
  114  8:07  Stalker x2  
  114  8:12  Pylon  
  118  8:17  Stalker x2  
  116  8:27  Disruptor  
  116  8:33  Stalker x2  
  109  8:38  Stalker  
  98  8:52  Probe  
  98  8:53  Probe x2  
  97  8:58  Disruptor  
  94  9:04  Stalker  
  94  9:08  Dark Templar  
  99  9:29  Disruptor  
  92  9:39  Dark Templar  
  92  9:43  Probe x2  
  96  9:46  Assimilator  
  84  10:02  Stalker  
  84  10:03  Disruptor, Stalker x3  
  77  10:38  Warp Prism  
  63  10:51  Stalker x5  
  71  11:14  Disruptor (Chrono Boost)  
  63  11:19  Stalker x2  
  63  11:20  Stalker  
  68  11:36  Mothership Core  
  67  12:10  Nexus  
  67  12:19  Pylon  
  65  12:27  Pylon  
  64  12:43  Mothership Core  
  54  12:58  Dark Templar  

Tags
 
Add a new tag
Caveats
  • Supply blocks, unpowered buildings, or Contaminate may cause inaccurate times.
  • Supply counts are checked every 10 seconds.